 Dungeon Crawl Stone Soup version 0.31.0-32-g396128a36d (webtiles) character file.

Game seed: 7461519792745359117

38 Alphaeus the Ruffian (level 3, -5/23 HPs)
             Began as an Octopode Shapeshifter on Mar 19, 2024.
             Killed from afar by Natasha (9 damage)
             ... with a magic dart
             ... on level 2 of the Dungeon.
             The game lasted 00:00:43 (909 turns).

Alphaeus the Ruffian (Octopode Shapeshifter)         Turns: 909, Time: 00:00:44

Health: -5/23      AC:  1    Str: 15    XL:     3   Next: 43%
Magic:  3/3        EV: 13    Int: 12    God:
Gold:   60         SH:  5    Dex: 11    Spells: 2/2 levels left

rFire   . .          .
                       - Unarmed
rCold   . . .        (no shield)
rNeg    . . .        (helmet currently unavailable)
rPois   .            e - amulet of reflection
rElec   .            (no ring)
rCorr   .            (no ring)
SInv    .            (no ring)
Will    .....        (no ring)
Stlth   ++           (no ring)
HPRegen 0.23/turn    (no ring)
MPRegen 0.08/turn    (no ring)
                     (no ring)

%: reflection
@: beast-form, slowed, very slow
A: beast (slay +1), almost no armour, amphibious, 8 rings, camouflage 1,
gelatinous body 1, (nimble swimmer 1), tentacles
a: Begin Untransformation


You were on level 2 of the Dungeon.
You were a hulking beast.
You visited 1 branch of the dungeon, and saw 2 of its levels.

You collected 60 gold pieces.

Inventory:

Jewellery
 e - an amulet of reflection (around mantle)
Talismans
 b - a beast talisman
 c - a flux talisman
Scrolls
 d - a scroll of poison {unknown}
 f - a scroll of summoning {unknown}
 h - a scroll of immolation {unknown}
Potions
 a - a potion of lignification
 g - 2 potions of curing {unknown}


   Skills:
 + Level 1.5 Fighting
 + Level 2.2 Dodging
 * Level 3.5 Unarmed Combat
 * Level 3.4 Shapeshifting


You had 2 spell levels left.
You didn't know any spells.
Your spell library was empty.

Dungeon Overview and Level Annotations

Branches:
Dungeon (2/15)

Altars:

Shops:
D:1 [

Annotations:
D:2 Natasha


Innate Abilities, Weirdness & Mutations

You are a hulking beast.
Your limbs bulge with bestial killing power. (Slay +1)
You cannot wear most types of armour.
You are amphibious.
You can wear up to eight rings at the same time.
Your skin changes colour to match your surroundings (Stealth+).
Your rubbery body absorbs attacks. (AC +1, EV +1)
((You are camouflaged when in or above water. (Stealth+)))
You have tentacles for arms and can constrict up to eight enemies at once.


Message History

A hobgoblin comes into view.
There are monsters nearby!
There are monsters nearby!
Natasha stares at you and mumbles some strange words.
You feel yourself slow down.
An endoplasm comes into view.
Found 9 gold pieces.
The hobgoblin shouts!
The endoplasm quivers.
You hear an angry hiss. x2
A ball python comes into view.
Natasha claws you but does no damage. Natasha claws you.
You tentacle-slap Natasha. You grab Natasha.
Natasha is lightly wounded.
You constrict Natasha, but do no damage.
Natasha mewls in sadness.
Natasha claws you!
You are too injured to fight recklessly!
You are too injured to fight recklessly!
You are too injured to fight recklessly!
You are too injured to fight recklessly!
You are too injured to fight recklessly!
You are too injured to fight recklessly!
You are too injured to fight recklessly!
You are too injured to fight recklessly!
You are too injured to fight recklessly!
You are too injured to fight recklessly!
You are too injured to fight recklessly!
You are too injured to fight recklessly!
You are too injured to fight recklessly!
You are too injured to fight recklessly!
You are too injured to fight recklessly!
You release your grip on Natasha.
Natasha casts a spell at you. The magic dart hits you!
* * * LOW HITPOINT WARNING * * *
Natasha casts a spell at you. The magic dart hits you!
You die...
Natasha curls up and begins to purr.

#.#........
#.#........ #####
#.#........
....###.#........ #
######......<#.#
...........†.....##
.....................
....###....#..........
.........h.......#####
........h..####.##
#......J.....#.#
#..##...S....... ..
.g............
.?.....######.#
#.......# # #........
#..##..#.


You could see Natasha, an endoplasm, a hobgoblin and a ball python.

Vanquished Creatures
  An adder (D:2)
  A bat (D:2)
  6 endoplasms (D:1)
  A giant cockroach (D:1)
  3 goblins (D:1)
  2 hobgoblins (D:1)
  4 kobolds (D:1)
  A quokka (D:1)
  A ball python (D:1)
  3 frilled lizards (D:1)
  4 rats (D:1)
27 creatures vanquished.

Notes
Turn   | Place    | Note
-------+----------+-------------------------------------------
     0 | D:1      | Alphaeus the Octopode Shapeshifter began the quest for the
                  | Orb.
     0 | D:1      | Reached XP level 1. HP: 13/13 MP: 1/1
    44 | D:1      | Found Uxzuguth's Antique Armour Emporium.
    87 | D:1      | Reached XP level 2. HP: 18/18 MP: 2/2
   469 | D:1      | Reached XP level 3. HP: 19/23 MP: 3/3
   903 | D:2      | Noticed Natasha
   909 | D:2      | Killed from afar by Natasha

Illustrated notes

Levels and vault maps discovered:
D:1:      dpeg_arrival_short_road, layout_basic, serial_shops,
          nicolae_shop_advertising_works [nicolae_subvault_shop_adworks]
D:2:      layout_basic, uniq_natasha

Action                     || total
---------------------------++-------
  Melee: Unarmed           ||    48
         Tentacles         ||     9
         Constrict         ||     9
   Stab: Sleeping          ||     5
         Distracted        ||     1
 Armour: Skin              ||    14
  Dodge: Dodged            ||    18
  Block: Other             ||     5
